AoeStats
← Light Cav OP

Arena

509785347Analyzed
1v1 RM · 3d ago on Sep 28, 2026· 35m 32s· 2 players
Game mode
Random Map
Map size
Tiny (2 player)
Population
200
Speed
Normal
Resources
Standard
Victory
Conquest
Starting age
Dark Age
Ending age
Imperial Age
RankedLock teamsTeams togetherTeam positionsShared explorationLock speedFull tech treeHidden civsTurbo modeCheats
Victory
Defeat
🇨🇦 Shu · Canada
2487
+4
🇺🇸 Gurjaras · United States
2125
-4
Survivalist
10:50 Feudal Age
11:27 Double-Bit Axe
14:27 Castle Age
12:30 Double-Bit Axe
12:48 Horse Collar
15:21 Bow Saw
16:24 Husbandry
16:34 Light Cavalry
19:52 Wheelbarrow
20:33 Heavy Plow
22:20 Loom
22:21 Town Watch
27:52 Imperial Age
26:03 Treadmill Crane
26:03 Crossbowman
26:43 Fletching
27:16 Ballistics
27:43 Bodkin Arrow
27:57 Gold Mining
29:04 Conscription
29:39 Siege Engineers
30:11 Bracer
31:22 Padded Archer Armor
31:40 Thumb Ring
31:25 Arbalester
34:01 Chemistry
34:29 Hand Cart
35:15 Two-Man Saw
33:54 Pikeman
34:43 Bolt Magazine
34:15 Pikeman
34:56 Scale Mail Armor
35:24 Leather Archer Armor
35:13 Halberdier
35:54 Squires
36:09 Masonry
Light Cav OP
10:56 Feudal Age
14:25 Castle Age
12:18 Horse Collar
13:18 Double-Bit Axe
14:31 Light Cavalry
15:52 Bow Saw
19:16 Husbandry
19:23 Heavy Plow
21:19 Wheelbarrow
22:30 Hand Cart
24:59 Scale Barding Armor
28:01 Imperial Age
25:48 Gold Mining
26:24 Bloodlines
26:53 Chain Barding Armor
26:12 Elite Skirmisher
27:08 Loom
28:02 Gold Shaft Mining
27:26 Fletching
27:39 Town Watch
28:02 Bodkin Arrow
28:49 Bracer
28:14 Hussar
30:22 Plate Barding Armor
30:17 Padded Archer Armor
30:37 Siege Elephant
32:34 Chemistry
33:14 Leather Archer Armor
34:41 Ballistics
34:53 Forging
35:10 Conscription
Connection lost

Rejoining the realm…

Still unreachable

The connection could not be restored.

Session expired

The server has moved on; the page needs a fresh start.